cohdb
Replays
Latest Replays
All Replays
Popular Replays
Top Player Replays
Match Explorer
How It Works
Community
CoH3 Stats
Reddit
Sign in to upload your games and track your stats! →
Sign in with Steam
Match 45112069
Unlisted
Match 45112069
Overview
Messages
Build Orders
End
Selects Airborne Battlegroup
Selects Airborne Battlegroup
Selects Pathfinders
Construct Weapon Support Center
Engineer Squad
M1919 Machine Gun Team
Bazooka Squad
Bazooka Squad
Improved M9 Bazooka Rockets
M1919 Machine Gun Team
Mechanized Support Center
Construct Medical Station
Selects Recon Loiter
Selects Paratrooper Squad Paradrop
Paratrooper Squad Paradrop
Paratrooper Squad Paradrop
Recon Loiter
Construct Tank Depot
Selects Anti-tank Gun Team Paradrop
M4A1 Sherman Medium Tank
.30 cal Machine Gun
.30 cal Machine Gun
AceRobby
Stormless
HURON
Some_Devil
FocusFuelOrFaceMyWrath
DaRtH VaDeRX2020
BOSSTTRUPPEN
L1mbo
0
0
Comments
sign in to comment!
No comments posted yet!